 Dungeon Sprint DCSS version 0.21.2 (webtiles) character file.

242 Flooderbenga the Grave Robber (level 6, -2/48 HPs)
             Began as a Gnoll Necromancer on Oct 13, 2018.
             Slain by a crocodile (9 damage)
             ... in the Dungeon (Sprint II: "The Violet Keep of Menkaure").
             The game lasted 00:08:27 (92 turns).

Flooderbenga the Grave Robber (Gnoll Necromancer)     Turns: 92, Time: 00:08:28

Health: -2/48      AC:  2    Str: 11    XL:     6   Next: 9%
Magic:  11/15      EV: 16    Int: 19    God:
Gold:   0          SH:  0    Dex: 15    Spells: 16/18 levels left

rFire    . . .     SeeInvis .     - Unarmed
rCold    . . .     Gourm    .   (no shield)
rNeg     . . .     Faith    .   a - +0 robe
rPois    .         Spirit   .   (no helmet)
rElec    .         Reflect  .   (no cloak)
rCorr    .         Harm     .   (no gloves)
MR       .....     NoTele   +   (no boots)
Stlth    ++........             (no amulet)
HPRegen  0.16/turn              (no ring)
MPRegen  0.14/turn              (no ring)

@: very slow
A: distributed training, fangs 1, strong nose
a: no special abilities


You were in the Dungeon.
You were not hungry.

You visited 1 branch

Inventory:

Armour
 a - a +0 robe (worn)
Potions
 g - 2 potions of magic
Books
 b - a book of Necromancy

   Spells                             Type                      Level
   a - Pain                           Necromancy                   1
   b - Animate Skeleton               Necromancy                   1
   c - Vampiric Draining              Necromancy                   3
   d - Regeneration                   Charms/Necromancy            3
   e - Animate Dead                   Necromancy                   4
   f - Borgnjor's Vile Clutch         Necromancy/Earth             5
Comestibles
 c - a ration


   Skills:
 + Level 4.0 Fighting
 + Level 4.0 Short Blades
 + Level 4.0 Long Blades
 + Level 4.0 Axes
 + Level 4.0 Maces & Flails
 + Level 4.0 Polearms
 + Level 4.0 Staves
 + Level 4.0 Slings
 + Level 4.0 Bows
 + Level 4.0 Crossbows
 + Level 4.0 Throwing
 + Level 4.0 Armour
 + Level 6.2 Dodging
 + Level 5.9 Stealth
 + Level 4.0 Shields
 + Level 4.0 Unarmed Combat
 + Level 6.5 Spellcasting
 + Level 3.3 Conjurations
 + Level 3.3 Hexes
 + Level 3.3 Charms
 + Level 3.3 Summonings
 + Level 7.9 Necromancy
 + Level 3.3 Translocations
 + Level 3.3 Transmutations
 + Level 3.3 Fire Magic
 + Level 3.3 Ice Magic
 + Level 3.3 Air Magic
 + Level 3.3 Earth Magic
 + Level 3.3 Poison Magic
 + Level 4.5 Invocations
 + Level 4.0 Evocations


You had 16 spell levels left.
You knew the following spells:

 Your Spells              Type           Power        Failure   Level  Hunger
a - Pain                  Necr           ####         1%          1    None
b - Animate Skeleton      Necr           N/A          1%          1    None


Dungeon Overview and Level Annotations

Branches:
Dungeon (1/1)

Altars:

Shops:
D ?[:}(%!:?%!([==?

Annotations:
D exclusion: oklob plant


Innate Abilities, Weirdness & Mutations

Your experience applies equally to all skills.
You have very sharp teeth.
Your uncanny sense of smell can sniff out nearby items.


Message History

You take 8 damage, and have 20/48 hp.
The crocodile misses you. The crocodile bites you.
You take 3 damage, and have 17/48 hp.
The crocodile closely misses you.
Aim: a crocodile (chance to defeat MR: 84%)
The crocodile writhes in agony!
The crocodile closely misses you.
You take 1 damage, and have 16/48 hp.
You now have 14/15 mp.
Aim: a crocodile (lightly wounded, chance to defeat MR: 84%)
The crocodile writhes in agony!
The crocodile bites you.
* * * LOW HITPOINT WARNING * * *
You take 6 damage, and have 10/48 hp.
You now have 13/15 mp.
Aim: a crocodile (lightly wounded, chance to defeat MR: 84%)
The crocodile writhes in agony!
The crocodile bites you.
* * * LOW HITPOINT WARNING * * *
You take 3 damage, and have 7/48 hp.
You now have 12/15 mp.
Okay, then.
Unknown command.
Aim: a crocodile (moderately wounded, chance to defeat MR: 84%)
The crocodile barely resists.
The crocodile bites you!
You die...

#..∩.∩...#≈#...##.##
#...⌠....'≈'##$†.<.+
#........#≈#...##.##
∆
▓▓▓▓▓▓▓###≈##.###+#
#?)E######≈≈###
#$!G#$ ##≈≈≈#
#∩P[+)) #'#≈## ∆ §
#$.G#?##
#F#≈≈##+##≈§≈§
#[G$###§
####nt@≈≈≈≈≈≈≈ ##+#
#≈≈ ∆#+++#+++#≈§ ∆
;;§ ;§§§§ ≈;§§§§+
§§§≈§## §§§≈## +####


You could see a crocodile, a necrophage and 4 electric eels.

Vanquished Creatures
  3 necrophages (D)
3 creatures vanquished.

Vanquished Creatures (others)
  Menkaure (D)
  A crocodile (D)
2 creatures vanquished.

Grand Total: 5 creatures vanquished

Notes
Turn   | Place    | Note
-------+----------+-------------------------------------------
     0 | D        | Flooderbenga the Gnoll Necromancer began the quest for the Orb.
     0 | D        | Reached XP level 1. HP: 13/13 MP: 6/6
     2 | D        | Learned a level 1 spell: Animate Skeleton
     3 | D        | Noticed a necrophage
     3 | D        | Noticed a necrophage
     3 | D        | Noticed a necrophage
     3 | D        | Noticed a necrophage
    14 | D        | Killed a necrophage
    14 | D        | Reached skill level 5 in Dodging
    14 | D        | Reached skill level 5 in Stealth
    14 | D        | Reached skill level 5 in Spellcasting
    14 | D        | Reached XP level 2. HP: 22/22 MP: 6/8
    14 | D        | Reached XP level 3. HP: 27/27 MP: 7/10
    14 | D        | Reached XP level 4. HP: 33/33 MP: 7/11
    20 | D        | Killed a necrophage
    20 | D        | Reached XP level 5. HP: 39/39 MP: 7/13
    25 | D        | Killed a necrophage
    25 | D        | Reached XP level 6. HP: 37/45 MP: 7/15
    26 | D        | Killed Menkaure
    39 | D        | Found Yzijiof's Antique Weapon Emporium.
    39 | D        | Found Viogo's Jewellery Emporium.
    39 | D        | Found Udokaceb's Magic Scroll Shoppe.
    39 | D        | Found Dazipn's Magic Scroll Emporium.
    39 | D        | Found Foesulet's Distillery.
    39 | D        | Found Houcucau's Antique Armour Shoppe.
    39 | D        | Found Keman's Jewellery Shoppe.
    40 | D        | Found Regikhli's Food Emporium.
    40 | D        | Found Zamnue's Book Shoppe.
    54 | D        | Found Cowes's Distillery.
    54 | D        | Found Xiut Omi's Food Emporium.
    54 | D        | Noticed an iron elemental
    56 | D        | Found Fuzaun's Weapon Emporium.
    56 | D        | Found Hasos's Gadget Shoppe.
    56 | D        | Noticed an oklob plant
    57 | D        | Found Amuoloeh's Antique Armour Shoppe.
    57 | D        | Found Toruhy's Magic Scroll Emporium.
    57 | D        | Found Kezxumil's Book Shoppe.
    57 | D        | Noticed a shining eye
    70 | D        | Noticed a shining eye
    71 | D        | Noticed a shining eye
    84 | D        | Noticed a blink frog
    92 | D        | Slain by a crocodile

Skill      XL: |  1  2  3  4  5 |
---------------+----------------+-----
Fighting       | 2 3 4 |  4.0
Short Blades   | 2 3 4 |  4.0
Long Blades    | 2 3 4 |  4.0
Axes           | 2 3 4 |  4.0
Maces & Flails | 2 3 4 |  4.0
Polearms       | 2 3 4 |  4.0
Staves         | 2 3 4 |  4.0
Slings         | 2 3 4 |  4.0
Bows           | 2 3 4 |  4.0
Crossbows      | 2 3 4 |  4.0
Throwing       | 2 3 4 |  4.0
Armour         | 2 3 4 |  4.0
Dodging        | 5 6 |  6.2
Stealth        | 5 |  5.9
Shields        | 2 3 4 |  4.0
Unarmed Combat | 2 3 4 |  4.0
Spellcasting   | 5 6 |  6.5
Conjurations   | 2 3 |  3.3
Hexes          | 2 3 |  3.3
Charms         | 2 3 |  3.3
Summonings     | 2 3 |  3.3
Translocations | 2 3 |  3.3
Transmutations | 2 3 |  3.3
Fire Magic     | 2 3 |  3.3
Ice Magic      | 2 3 |  3.3
Air Magic      | 2 3 |  3.3
Earth Magic    | 2 3 |  3.3
Poison Magic   | 2 3 |  3.3
Invocations    | 2 3 4 |  4.5
Evocations     | 2 3 4 |  4.0
Necromancy     | |  7.9

Action                   |  1- 3 |  4- 6 || total
-------------------------+-------+-------++-------
Melee: Unarmed           |     9 |    17 ||    26
       Bite              |       |     4 ||     4
       Punch             |       |     1 ||     1
 Cast: Pain              |       |     4 ||     4
  Use: Potion            |     1 |     3 ||     4
       Scroll            |       |     1 ||     1
Armor: Robe              |     1 |     1 ||     2
Dodge: Dodged            |     3 |    16 ||    19
